AoeStats
← KootH.

African Clearing

505340469Analyzed
4v4 RM · 24d ago on Sep 8, 2026· 18m 2s· 8 players
Game mode
Random Map
Map size
Large (8 player)
Population
200
Speed
Normal
Resources
Standard
Victory
Conquest
Starting age
Dark Age
Ending age
Imperial Age
RankedLock teamsTeams togetherTeam positionsShared explorationLock speedFull tech treeHidden civsTurbo modeCheats
Victory
Defeat
1682
+8
🇪🇨 Turks · Ecuador
1461
+16
🇪🇨 Huns · Ecuador
1307
+22
🇦🇷 Georgians · Argentina
1248
+24
🇦🇷 Bohemians · Argentina
1507
-20
🇨🇴 Berbers · Colombia
1463
-18
🇧🇷 Mongols · Brazil
1424
-16
🇺🇸 Vietnamese · United States
1417
-16
Catiorão
5:40 Loom
13:12 Feudal Age
13:44 Double-Bit Axe
Dylan L
4:02 Loom
11:53 Feudal Age
15:14 Fletching
KootH.
3:48 Loom
14:09 Feudal Age
18:19 Castle Age
16:53 Double-Bit Axe
Laggy
7:49 Loom
12:43 Feudal Age
BP | ZoldyckF
6:10 Loom
13:37 Feudal Age
17:26 Castle Age
15:53 Double-Bit Axe
18:20 Horse Collar
TREX KID BOO
8:22 Loom
12:46 Feudal Age
16:33 Town Watch
CTM | Lelouch ELO bajito
12:58 Feudal Age
12:12 Loom
16:10 Castle Age
14:20 Double-Bit Axe
el adriano
9:13 Loom
12:04 Feudal Age
12:41 Double-Bit Axe
16:21 Forging
17:15 Bloodlines
18:19 Town Watch
Connection lost

Rejoining the realm…

Still unreachable

The connection could not be restored.

Session expired

The server has moved on; the page needs a fresh start.